 Dungeon Crawl Stone Soup version 0.29.1-13-g9f3cf754e1 (webtiles) character file.

Game seed: 12569832603588554966

33 Peloso the Covered (level 3, 0/33 HPs)
             Began as a Minotaur Fighter on Jan 19, 2023.
             Slain by Sigmund
             ... wielding a +0 scythe
              (4 damage)
             ... on level 3 of the Dungeon.
             The game lasted 00:03:27 (1077 turns).

Peloso the Covered (Minotaur Fighter)               Turns: 1077, Time: 00:03:27

Health: 0/33       AC:  7    Str: 26    XL:     3   Next: 12%
Magic:  2/2        EV:  9    Int:  5    God:
Gold:   36         SH:  0    Dex: 11    Spells: 2/2 levels left

rFire   . . .      SeeInvis .   a - +0 long sword
rCold   . . .      Faith    .   d - +0 buckler
rNeg    . . .      Spirit   .   b - +0 scale mail
rPois   .          Reflect  .   (helmet restricted)
rElec   .          Harm     .   (no cloak)
rCorr   .          Rampage  .   (no gloves)
Will    .....                   (no boots)
Stlth   ..........              (no amulet)
HPRegen 0.11/turn               m - +6 ring of strength
MPRegen 0.08/turn               (no ring)

@: confused, flying
A: horns 2, retaliatory headbutt
a: no special abilities


You were on level 3 of the Dungeon.
You visited 1 branch of the dungeon, and saw 3 of its levels.

You collected 36 gold pieces.

Inventory:

Hand Weapons
 a - a +0 long sword (weapon)
 c - a +1 dagger of electrocution
Armour
 b - a +0 scale mail (worn)
 d - a +0 buckler (worn)
Jewellery
 m - a +6 ring of strength (left hand)
 q - a ring of protection from cold
Scrolls
 e - a scroll of silence {unknown}
 f - a scroll of poison {unknown}
 g - 3 scrolls of identify {unknown}
 j - a scroll of vulnerability {unknown}
 k - a scroll of teleportation {unknown}
 l - a scroll of enchant weapon {unknown}
 n - a scroll of enchant armour {unknown}
 o - a scroll of magic mapping {unknown}
Potions
 h - a potion of might
 p - a potion of berserk rage {unknown}


   Skills:
 + Level 3.9 Fighting
 + Level 2.8 Long Blades
 + Level 4.2 Armour
 + Level 0.4 Dodging
 + Level 4.1 Shields


You had 2 spell levels left.
You didn't know any spells.
Your spell library contained the following spells:

 Spells                   Type           Power      Damage    Failure   Level
 Necrotise                Necr           0%         1d4       83%         1
 Gell's Gravitas          Tloc           0%         N/A       99%         3
 Lesser Beckoning         Tloc           0%         N/A       99%         3
 Teleport Other           Tloc           0%         N/A       99%         3
 Vampiric Draining        Necr           0%         2d6       99%         3
 Agony                    Necr           0%         N/A       100%        5


Dungeon Overview and Level Annotations

Branches:
Dungeon (3/15)

Altars:

Annotations:
D:3 Sigmund


Innate Abilities, Weirdness & Mutations

You have a pair of horns on your head.
You reflexively headbutt those who attack you in melee.


Message History

There is an open door here.
You now have 36 gold pieces (gained 3).
Done exploring.
Done exploring.
Done exploring.
Done exploring.
Done exploring.
Done exploring.
You see here a +0 dagger.
There is a stone staircase leading down here.
You climb downwards.
Sigmund shouts!
Found 9 gold pieces and a scroll labelled ODGHUNN NURGHIPSU.
There is a stone staircase leading up here.
Sigmund is nearby!
Sigmund is nearby!
Okay, then.
Okay, then.
Sigmund casts a spell at you. You resist with significant effort.
Sigmund hits you with a +0 scythe.
You slash Sigmund!
Sigmund is moderately wounded.
You slash Sigmund!
Sigmund is heavily wounded.
Sigmund gestures at you while chanting.
You are confused.
Sigmund points at you and mumbles some strange words.
The puff of flame hits you!
You miss Sigmund.
Sigmund is heavily wounded.
Sigmund hits you with a +0 scythe!
* * * LOW HITPOINT WARNING * * *
You bump into the rock wall.
Sigmund hits you with a +0 scythe.
* * * LOW HITPOINT WARNING * * *
You bump into the rock wall.
It was a potion of flight.
You feel very buoyant.
You fly up into the air.
Sigmund hits you with a +0 scythe.
You die...

..# #.#
#.# #.#
#.# #.#
#@# #@#
#.# #.#
#.# #<#
........#
$....####
#.?. ##.


You could see Sigmund.

Vanquished Creatures
  An adder (D:2)
  A worm (D:2)
  A dart slug (D:1)
  A bat (D:1)
  A giant cockroach (D:1)
  3 goblins
  4 jackals (D:2)
  A quokka (D:2)
  A ball python (D:1)
  3 frilled lizards
  A kobold (D:1)
  2 rats (D:2)
20 creatures vanquished.

Notes
Turn   | Place    | Note
-------+----------+-------------------------------------------
     0 | D:1      | Peloso the Minotaur Fighter began the quest for the Orb.
     0 | D:1      | Reached XP level 1. HP: 19/19 MP: 0/0
   241 | D:1      | Reached XP level 2. HP: 25/27 MP: 1/1
   268 | D:1      | You fall into a shaft and drop 1 floor!
   587 | D:2      | Noticed an eye of devastation
   589 | D:2      | Found a faded altar of an unknown god.
   599 | D:2      | Noticed a floating eye
   610 | D:2      | Noticed a great orb of eyes
   704 | D:2      | Noticed a floating eye
   850 | D:2      | Reached XP level 3. HP: 27/33 MP: 2/2
  1067 | D:3      | Noticed Sigmund
  1077 | D:3      | Slain by Sigmund

Illustrated notes

Levels and vault maps discovered:
D:1:      giann_horns, layout_rooms, wander_ebering_terrifying_dragon_lair
D:2:      layout_basic, hellmonk_ecumenical_altar_watching_god
D:3:      layout_loops_ring, mainiacjoe_overflow_small_starburst,
          kennysheep_generic_room_11, uniq_sigmund, uniq_natasha

Skill      XL: |  1  2 |
---------------+-------+-----
Armour         | 4 |  4.2
Shields        | 4 |  4.1
Fighting       | |  3.9
Long Blades    | |  2.8
Dodging        | |  0.4

Action                   || total
-------------------------++-------
Melee: Long sword        ||    53
       Headbutt          ||     6
  Use: Potion            ||     1
Armor: Scale mail        ||    29
Dodge: Dodged            ||    33
Block: Buckler           ||    12
